 Dungeon Crawl Stone Soup version 0.17-a0-1997-ga88ed7d (webtiles) character file.

100 Mordenkainen the Magician (level 4, 0/24 HPs)
             Began as a Deep Elf Wizard on Oct 8, 2015.
             Slain by an adder (3 damage)
             ... on level 2 of the Dungeon.
             The game lasted 00:05:24 (1654 turns).

Mordenkainen the Magician (Deep Elf Wizard)         Turns: 1654, Time: 00:05:25

Health: 0/24       AC:  2    Str:  4    XL:     4   Next: 47%
Magic:  0/12       EV: 12    Int: 24    God:
Gold:   88         SH:  0    Dex: 13    Spells: 5 memorised, 1 level left

rFire  . . .     SeeInvis .     (no weapon)
rCold  . . .     Clarity  .     a - +0 robe
rNeg   . . .     SustAt   .     (no shield)
rPois  .         Gourm    .     b - +0 hat
rElec  .         Spirit   .     (no cloak)
rCorr  .         Warding  .     (no gloves)
rMut   .         Stasis   .     (no boots)
MR     .....                    (no amulet)
Stlth  ++........               (no ring)
                                (no ring)

@: lethally poisoned (0 -> -4), not resistant to hostile enchantments,
unstealthy
A: no striking features
a: no special abilities


You were on level 2 of the Dungeon.
You were not hungry.

You visited 1 branch of the dungeon, and saw 3 of its levels.

You collected 88 gold pieces.

Inventory:

Armour
 a - a +0 robe (worn)
 b - a +0 hat (worn)
Jewellery
 i - an uncursed amulet of resist corrosion {unknown}
Scrolls
 e - a scroll of enchant armour {unknown}
 g - 2 scrolls of teleportation {unknown}
 h - 5 scrolls of identify {unknown}
 j - a scroll of enchant weapon {unknown}
 k - a scroll of remove curse {unknown}
 l - a scroll of blinking {unknown}
 m - a scroll of recharging {unknown}
 s - 3 scrolls of fear {unknown}
 u - 2 scrolls of fog {unknown}
Potions
 f - a potion of ambrosia {unknown}
 n - a potion of invisibility {unknown}
 o - a potion of brilliance {unknown}
 p - a potion of agility {unknown}
 q - 2 potions of degeneration {unknown}
 r - a potion of flight {unknown}
 t - a potion of magic {unknown}
 v - a potion of lignification {unknown}
Books
 c - a book of Minor Magic

   Spells                             Type                      Level
   a - Magic Dart                     Conjuration                  1
   b - Blink                          Translocation                2
   c - Call Imp                       Summoning                    2
   d - Repel Missiles                 Charms/Air                   2
   e - Slow                           Hexes                        2
   f - Conjure Flame                  Conjuration/Fire             3
   g - Mephitic Cloud                 Conjuration/Poison/Air       3
Comestibles
 d - a bread ration
 w - 2 chunks of flesh
 x - a royal jelly


   Skills:
 - Level 2.4 Dodging
 - Level 2.4 Stealth
 + Level 4.7 Spellcasting
 * Level 3.9 Conjurations
 + Level 1.1 Charms
   Level 1.1 Summonings
 + Level 1.3 Translocations
 + Level 1.3 Fire Magic
 + Level 0.4 Air Magic


You had one spell level left.
You knew the following spells:

 Your Spells              Type           Power        Failure   Level  Hunger
a - Magic Dart            Conj           ###.         1%          1    None
b - Blink                 Tloc           N/A          10%         2    None
c - Repel Missiles        Chrm/Air       #.....       12%         2    None
e - Conjure Flame         Conj/Fire      ###.....     12%         3    ##.....
h - Mephitic Cloud        Conj/Pois/Air  ##......     17%         3    ##.....


Dungeon Overview and Level Annotations

Branches:
Dungeon (3/15)

Altars:
Kikubaaqudgha


Message History

You feel sick. The adder bites you but does no damage.
Casting: Magic Dart
Confirm with . or Enter, or press ? or * to list all spells.
Aiming: Magic Dart
Press: ? - help, Shift-Dir - straight line, f/p - adder
Aim: an adder (heavily wounded)
The magic dart hits the adder.
The adder is almost dead.
* * * LOW MAGIC WARNING * * *
The adder closely misses you.
You miss the adder.
The adder is almost dead.
The adder misses you.
You hit the adder.
The adder is almost dead.
You feel sick. The adder bites you.
* * * LOW HITPOINT WARNING * * *
You are lethally poisoned!
The adder poisons you! The adder bites you.
You die...

##### #.... #.###
##### #.# ###...##
#.# #.@.#..# #.#
#S####.########.###
#.>....(....)((....
######.########)###
##)......()>#
#..(.....#..#
#...(.......###
#8.....8#<.....
#.......#......


You could see an adder.

Vanquished Creatures
  4 adders
  2 oozes
  3 worms (D:2)
  2 ball pythons (D:2)
  4 bats
  6 hobgoblins
  7 jackals
  2 giant cockroaches
  4 giant newts
  11 goblins
  4 kobolds
  2 rats
51 creatures vanquished.

Notes
Turn   | Place    | Note
--------------------------------------------------------------
     0 | D:1      | Mordenkainen the Deep Elf Wizard began the quest for the Orb.
     0 | D:1      | Reached XP level 1. HP: 10/10 MP: 7/7
   212 | D:1      | Reached XP level 2. HP: 13/15 MP: 5/9
   878 | D:2      | Reached XP level 3. HP: 19/19 MP: 4/10
   893 | D:2      | Learned a level 2 spell: Blink
   896 | D:2      | Learned a level 2 spell: Repel Missiles
   900 | D:2      | Learned a level 3 spell: Conjure Flame
  1148 | D:2      | Reached skill level 1 in Fire Magic
  1232 | D:2      | Learned a level 3 spell: Mephitic Cloud
  1363 | D:2      | Reached XP level 4. HP: 24/24 MP: 6/12
  1399 | D:2      | Found an ancient bone altar of Kikubaaqudgha.
  1633 | D:3      | Reached skill level 1 in Charms
  1654 | D:2      | Slain by an adder

Vault maps used:
D:1:      dpeg_arrival_solitude, corexii_item_surrounded_by_moat,
          solitary_fountain
D:2:      kennysheep_the_goblin_king, nicolae_overflow_hidden_temple
D:3:      lemuel_blue_sif_altar

Action                   |  1- 3 |  4- 6 || total
-------------------------+-------+-------++-------
Melee: Unarmed           |    14 |     2 ||    16
 Cast: Magic Dart        |    72 |    33 ||   105
       Conjure Flame     |     3 |       ||     3
  Eat: Chunk             |     1 |     1 ||     2
